 Dungeon Sprint DCSS version 0.17-a0-1909-g0b14330 (webtiles) character file.

172 GilaZews the Grappler (level 5, 0/57 HPs)
             Began as a Troll Monk on Sept 24, 2015.
             Was an Initiate of Ru.
             Slain by a hill giant
             ... wielding a +0 giant club
              (18 damage)
             ... in the Dungeon (Sprint IX: "|||||||||||||||||||||||||||||").
             The game lasted 00:01:41 (310 turns).

GilaZews the Grappler (Troll Monk)                   Turns: 310, Time: 00:01:41

Health: 0/57       AC:  5    Str: 23    XL:     5   Next: 27%
Magic:  4/4        EV: 14    Int:  6    God:    Ru [......]
Gold:   0          SH:  0    Dex: 12    Spells: 0 memorised, 4 levels left

rFire  . . .     SeeInvis .       - Unarmed
rCold  . . .     Clarity  .     a - +0 robe
rNeg   . . .     SustAt   .     (no shield)
rPois  .         Gourm    +     (helmet restricted)
rElec  .         Spirit   .     (no cloak)
rCorr  .         Warding  .     (gloves unavailable)
rMut   .         NoTele   +     (boots unavailable)
MR     .....                    (no amulet)
Stlth  +.........               n - +2 ring of evasion
                                m - +3 ring of strength

@: very slightly contaminated, invisible, not resistant to hostile enchantments,
very unstealthy
A: unfitting armour, claws 3, fast metabolism 3, gourmand, regeneration 2,
shaggy fur 1, tough skin 2
a: Renounce Religion


You were in the Dungeon.
You worshipped Ru.
Ru was noncommittal.
You were very full.

You visited 1 branch

Inventory:

Armour
 a - a +0 robe (worn)
Jewellery
 m - a +3 ring of strength (left claw)
 n - a +2 ring of evasion (right claw)
Magical devices
 l - a wand of fire (7)
Scrolls
 h - 2 scrolls of blinking
 j - 3 scrolls of remove curse
 k - 2 scrolls of amnesia
Potions
 c - 5 potions of curing
 d - 3 potions of heal wounds
 e - a potion of haste
 f - 4 potions of magic
Comestibles
 b - 2 bread rations


   Skills:
 + Level 5.0 Fighting
 + Level 5.1 Dodging
 - Level 1.1 Stealth
 * Level 8.7 Unarmed Combat


You had 4 spell levels left.
You didn't know any spells.

Dungeon Overview and Level Annotations

Branches:
Dungeon (1/1)

Altars:
Cheibriados
Dithmenos
Elyvilon
Fedhas
Gozag
Kikubaaqudgha
Makhleb
Nemelex Xobeh
Okawaru
Qazlal
Ru
Sif Muna
Trog
Vehumet
Xom
Yredelemnul
Zin
The Shining One
Beogh
Jiyva
Lugonu


Innate Abilities, Weirdness & Mutations

You are too large for most types of armour.
You have claws for hands.
Your metabolism is lightning-fast.
You like to eat raw meat.
You heal very quickly.
You are covered in fur (AC +1).
You have very tough skin (AC +2).


Message History

Things that are here:
a hand axe of electrocution; 5 tomahawks; an orc corpse You barely miss the hill giant.
You claw the hill giant, but do no damage.
The hill giant hits you with a giant club!
You scratch the hill giant.
The hill giant is lightly wounded.
The orc wizard shouts!
The hill giant hits you with a giant club!!
* * * LOW HITPOINT WARNING * * *
You claw the hill giant!
The hill giant is lightly wounded.
You catch the helpless hill giant completely off-guard!
You claw the hill giant!
The hill giant is moderately wounded.
The hill giant closely misses you.
You scratch the hill giant.
The hill giant is heavily wounded.
The hill giant hits you with a giant club!!
You die... ▓▓▓▓▓▓▓▓▓▓▓▓▓▓▓▓▓▓▓▓▓▓▓ +hK5oC@'..[[[)|..'_____ ▓▓▓▓▓▓▓▓▓▓▓▓▓▓▓▓▓▓▓▓▓▓▓

You could see a hill giant, a big kobold, a hound, an orc wizard (wandering) and a shadow imp.

Vanquished Creatures
  2 centaurs (D)
  An adder skeleton (D)
  2 orcs (D)
  2 goblins (D)
  2 hobgoblins (D)
  A kobold (D)
  A giant gecko skeleton (D)
11 creatures vanquished.

Notes
Turn   | Place    | Note
--------------------------------------------------------------
     0 | D        | GilaZews the Troll Monk began the quest for the Orb.
     0 | D        | Reached XP level 1. HP: 22/22 MP: 0/0
    50 | D        | Noticed a centaur
    50 | D        | Noticed a centaur
    54 | D        | Reached skill level 5 in Unarmed Combat
    54 | D        | Reached XP level 2. HP: 29/29 MP: 1/1
    66 | D        | Killed a centaur
    66 | D        | Reached skill level 7 in Unarmed Combat
    66 | D        | Reached XP level 3. HP: 32/39 MP: 2/2
    66 | D        | Reached XP level 4. HP: 39/48 MP: 3/3
    71 | D        | Killed a centaur
    71 | D        | Reached skill level 5 in Fighting
    71 | D        | Reached skill level 5 in Dodging
    71 | D        | Reached skill level 8 in Unarmed Combat
    71 | D        | Reached XP level 5. HP: 34/57 MP: 4/4
    80 | D        | Found a glowing silver altar of Zin.
    80 | D        | Found a glowing golden altar of the Shining One.
    80 | D        | Found an ancient bone altar of Kikubaaqudgha.
    80 | D        | Found a basalt altar of Yredelemnul.
    80 | D        | Found a shimmering altar of Xom.
    80 | D        | Found a radiant altar of Vehumet.
    81 | D        | Found an iron altar of Okawaru.
    82 | D        | Found a burning altar of Makhleb.
    83 | D        | Found a deep blue altar of Sif Muna.
    84 | D        | Found a bloodstained altar of Trog.
    85 | D        | Found a sparkling altar of Nemelex Xobeh.
    86 | D        | Found a white marble altar of Elyvilon.
    87 | D        | Found a roughly hewn altar of Beogh.
    88 | D        | Found a viscous altar of Jiyva.
    89 | D        | Found a corrupted altar of Lugonu.
    90 | D        | Found a blossoming altar of Fedhas.
    91 | D        | Found a snail-covered altar of Cheibriados.
    92 | D        | Found a shadowy altar of Dithmenos.
    93 | D        | Found a stormy altar of Qazlal.
    94 | D        | Found an opulent altar of Gozag.
    98 | D        | Found a sacrificial altar of Ru.
   107 | D        | Became a worshipper of Ru the Awakened
   302 | D        | Noticed a hound
   302 | D        | Noticed a big kobold
   302 | D        | Noticed a hill giant
   302 | D        | Noticed an orc wizard
   310 | D        | Slain by a hill giant

Vault maps used:
D:        linesprint

Action                   |  1- 3 |  4- 6 || total
-------------------------+-------+-------++-------
Melee: Unarmed           |    20 |    10 ||    30
Invok: Reject Sacrifices |       |     1 ||     1
  Use: Potion            |     1 |     1 ||     2
 Stab: Invisible         |       |     2 ||     2
  Eat: Chunk             |     6 |     2 ||     8
